 Dungeon Crawl Stone Soup version 0.16.2-12-gd0ad4c3 (webtiles) character file.

11312 schauveau the Geomancer (level 11, -7/67 HPs)
             Began as a Gargoyle Earth Elementalist on Oct 31, 2015.
             Was an Elder of Vehumet.
             Mangled by a sheep (9 damage)
             ... led by a torpor snail
             ... on level 3 of the Lair of Beasts.
             The game lasted 00:51:56 (12796 turns).

schauveau the Geomancer (GrEE)                     Turns: 12796, Time: 00:51:56

Health: -7/67      AC: 16    Str: 10    XL:     11   Next: 75%
Magic:  27/37      EV: 11    Int: 25    God:    Vehumet [****..]
Gold:   408        SH:  0    Dex: 10    Spells: 5 memorised, 13 levels left

rFire  + . .     SeeInvis .     a - +5 flail (drain)
rCold  . . .     Clarity  .     J - +1 leather armour {rF+}
rNeg   + . .     SustAb   .     (no shield)
rPois  ∞         Gourm    .     e - +2 hat
rElec  +         Spirit   .     K - +2 cloak
rCorr  .         Warding  .     (no gloves)
rMut   .         Stasis   .     (no boots)
MR     .....                    M - amulet "Brysmon" {Regen+ Str-3 Int+6 Slay+2}
Stlth  ++........               D - +3 ring of strength
                                i - ring of magical power

@: slowed, very slow, not resistant to hostile enchantments, unstealthy
A: negative energy resistance 1, electricity resistance, weak 1, unbreathing,
petrification resistance, rot immunity, AC +7
a: Renounce Religion


You were on level 3 of the Lair of Beasts.
You worshipped Vehumet.
Vehumet was greatly pleased with you.
You were not hungry.

You visited 3 branches of the dungeon, and saw 14 of its levels.
You also visited: Ossuary.

You collected 408 gold pieces.

Inventory:

Hand weapons
 a - a +5 flail of draining (weapon)
 I - the +9 Staff of Wucad Mu {channel}
   (You found it on level 8 of the Dungeon)
Missiles
 b - 262 stones
 j - 3 tomahawks (quivered)
Armour
 e - a +2 hat (worn)
 h - a +0 helmet
 x - a +2 leather armour of cold resistance
 J - a +1 leather armour of fire resistance (worn)
 K - a +2 cloak (worn)
Magical staves
 f - an uncursed staff of fire
Jewellery
 g - an uncursed ring of teleportation
 i - a ring of magical power (left hand)
 l - an uncursed ring of positive energy
 r - an uncursed ring of fire
 D - a +3 ring of strength (right hand)
 M - the amulet "Brysmon" (around neck) {Regen+ Str-3 Int+6 Slay+2}
   (You found it on level 8 of the Dungeon)

   [amulet of regeneration]

   It affects your strength (-3).
   It affects your intelligence (+6).
   It affects your accuracy and damage with ranged weapons and melee attacks
   (+2).
   It increases your rate of regeneration.
Magical devices
 w - a wand of random effects (48)
 C - a wand of enslavement (15)
 S - a wand of lightning (2)
 Y - a wand of frost (15)
 Z - a wand of disintegration (12)
Scrolls
 c - a scroll of amnesia
 d - a scroll of identify
 m - 7 scrolls of remove curse
 q - 10 scrolls of teleportation
 u - a scroll of fog
 v - a scroll of fear
 A - 2 scrolls of recharging
Potions
 k - a potion of might {unknown}
 o - 2 potions of haste
 z - 3 potions of heal wounds
 B - a potion of agility
 P - a potion of berserk rage
 T - a potion of curing
 V - 2 potions of brilliance
Books
 s - a book of Hinderance

   Spells                             Type                      Level
   a - Confusing Touch                Hexes                        2
   b - Confuse                        Hexes                        3
   c - Petrify                        Transmutation/Earth          4
   d - Metabolic Englaciation         Hexes/Ice                    5
   e - Gell's Gravitas                Hexes/Translocation          5
   f - Summon Mana Viper              Hexes/Summoning              5
Comestibles
 n - 2 fruits
 U - a royal jelly


   Skills:
 + Level 7.4 Fighting
 + Level 6.8 Maces & Flails
 - Level 1.7 Dodging
 - Level 2.2 Stealth
 + Level 8.8 Spellcasting
 - Level 5.1 Conjurations
   Level 0.7 Transmutations
 * Level 8.4 Fire Magic
 + Level 9.9 Earth Magic


You had 13 spell levels left.
You knew the following spells:

 Your Spells              Type           Power        Failure   Level  Hunger
a - Sandblast             Erth           ######       1%          1    None
b - Conjure Flame         Conj/Fire      #####...     1%          3    None
c - Throw Flame           Conj/Fire      #####.       1%          2    None
x - Lee's Rapid Deconstr  Erth           ######....   1%          5    ####...
z - Stone Arrow           Conj/Erth      #####.       1%          3    None


Dungeon Overview and Level Annotations

Branches:
Dungeon (10/15)            Temple (1/1) D:4            Lair (3/8) D:9
    Orc (0/4) D:9
  Swamp: Lair:3-6    Shoals: Lair:3-6     Snake: Lair:3-6    Spider: Lair:3-6

Altars:
Ashenzari
Cheibriados
Dithmenos
Elyvilon
Fedhas
Gozag
Kikubaaqudgha
Makhleb
Nemelex Xobeh
Okawaru
Qazlal
Ru
Sif Muna
Trog
Vehumet
Xom
Yredelemnul
Zin
The Shining One

Shops:
D:6 =

Annotations:
D:3 Britaniac's ghost, average NaTm
D:6 schauveau's ghost, experienced GrEE
Lair:3 exclusion: ice statue


Innate Abilities, Weirdness & Mutations

You are resistant to torment.
You are immune to poison.
Your stone body is very resilient (AC +7).
You resist negative energy.
You are resistant to electric shocks.
You can survive without breathing.
You are immune to petrification.
You are immune to rotting.
You are weak. (Str -2)


Message History

The sheep barely misses you. The sheep bites you!
* * * LOW HITPOINT WARNING * * *
The sheep closely misses you. The sheep misses you. The sheep bites you.
* * * LOW HITPOINT WARNING * * *
The sheep barely misses you. The sheep bites you but does no damage.
The sheep bites you!
* * * LOW HITPOINT WARNING * * *
Casting: Stone Arrow
Confirm with . or Enter, or press ? or * to list all spells.
Aiming: Stone Arrow
Press: ? - help, Shift-Dir - straight line, f/p - sheep
Aim: a sheep (almost dead)
The stone arrow hits the sheep.
You kill the sheep!
Vehumet accepts your kill. The sheep bites you but does no damage.
The sheep bites you.
* * * LOW HITPOINT WARNING * * *
The sheep barely misses you. The sheep bites you!
You die...

............# .#.....##....#...
............# .#..........P..
......#.....# ##...##......
...........P# ##....##.......
............# ##.....##........
...........#.###................
.....#.....####.#...............
......P..........Y...............
......P........†@Y†.....†...#
......P...#.#..##w....##....#
....................##.......P.
.............................$.
..!............................
.............................
..................#......##
.................##.....#
............### #..


You could see a torpor snail and 2 sheep.

Vanquished Creatures
  Gastronok (Lair:2)
  A hydra (Lair:1)
  A black mamba (Lair:2)
  2 spiny frogs (Lair:2)
  3 komodo dragons
  2 polar bears
  4 blink frogs
  4 yaks (Lair:2)
  A wyvern (D:8)
  2 hippogriffs
  6 water moccasins
  3 porcupines
  8 ice beasts
  3 sky beasts
  A phantom (D:5)
  5 centaurs
  2 necrophages (D:8)
  2 ogres
  3 crocodiles (Lair:1)
  8 giant frogs
  An elf skeleton (D:4)
  A wyvern skeleton (D:9)
  5 scorpions
  3 killer bees (D:9)
  2 jellies
  A wight (D:8)
  3 giant frog zombies
  2 crimson imps (D:9)
  2 centaur zombies
  3 goliath beetles
  6 hounds
  An orc priest (D:4)
  5 iguanas
  A centaur skeleton (D:4)
  2 human skeletons (D:4)
  7 orc wizards
  6 worker ants
  12 sheep
  3 mummies (D:8)
  2 gnolls (D:4)
  A worker ant zombie (D:9)
  12 adders
  6 river rats
  3 white imps
  3 giant mites
  3 worms
  2 adder skeletons (D:4)
  6 giant geckos
  18 orcs
  2 ball pythons
  A bat skeleton (D:7)
  9 giant cockroaches
  15 goblins
  10 hobgoblins
  18 kobolds
  8 bats
  A giant gecko zombie (D:8)
  8 giant newts
  2 giant spores
  4 gnoll skeletons (Ossuary)
  2 gnoll zombies (Ossuary)
  3 goblin skeletons (Ossuary)
  A hobgoblin zombie (Ossuary)
  13 jackals
  2 jackal skeletons
  A jackal zombie (D:9)
  2 kobold zombies (Ossuary)
  3 orc skeletons (D:4)
  2 orc zombies (Ossuary)
  5 quokkas
  11 rats
  A rat skeleton (Ossuary)
  2 rat zombies (Ossuary)
  7 ballistomycetes
  A plant (D:9)
318 creatures vanquished.

Vanquished Creatures (others)
  Menkaure (Ossuary)
  3 mummies (Ossuary)
  4 gnoll zombies (Ossuary)
  2 jackals (D:5)
  3 gnoll skeletons (Ossuary)
  3 goblin skeletons (Ossuary)
  5 goblin zombies (Ossuary)
  4 hobgoblin skeletons (Ossuary)
  A hobgoblin zombie (Ossuary)
  A kobold skeleton (Ossuary)
  3 kobold zombies (Ossuary)
  4 orc skeletons (Ossuary)
  An orc zombie (Ossuary)
  2 rat skeletons (Ossuary)
  2 rat zombies (Ossuary)
  4 fungi
  5 plants (D:9)
48 creatures vanquished.

Grand Total: 366 creatures vanquished

Notes
Turn   | Place    | Note
--------------------------------------------------------------
     0 | D:1      | schauveau, the Gargoyle Earth Elementalist, began the quest for the Orb.
     0 | D:1      | Reached XP level 1. HP: 10/10 MP: 3/3
   244 | D:1      | Reached XP level 2. HP: 13/15 MP: 1/4
   294 | D:1      | Reached skill level 4 in Earth Magic
   984 | D:1      | Reached XP level 3. HP: 16/19 MP: 6/6
  1238 | D:2      | Learned a level 3 spell: Stone Arrow
  1823 | D:2      | Reached XP level 4. HP: 20/24 MP: 9/9
  1834 | D:2      | Reached skill level 1 in Conjurations
  2570 | D:3      | Reached skill level 5 in Earth Magic
  2570 | D:3      | Reached XP level 5. HP: 28/28 MP: 11/11
  2742 | D:4      | Found a sand-covered staircase.
  2754 | Ossuary  | Entered an ossuary
  3188 | Ossuary  | Killed Menkaure
  3753 | D:5      | Entered Level 5 of the Dungeon
  3800 | D:4      | Found a basalt altar of Yredelemnul.
  3854 | D:4      | Found a staircase to the Ecumenical Temple.
  3865 | Temple   | Entered the Ecumenical Temple
  3871 | Temple   | Became a worshipper of Vehumet
  4017 | D:5      | HP: 1/28 [orc wizard/puff of flame (4)]
  4348 | D:5      | Reached XP level 6. HP: 32/32 MP: 15/15
  4957 | D:5      | Reached XP level 7. HP: 16/37 MP: 18/18
  5042 | D:7      | Reached skill level 1 in Fighting
  5042 | D:7      | Reached skill level 5 in Spellcasting
  5142 | D:6      | Noticed schauveau's ghost (experienced GrEE)
  5224 | D:5      | Noticed an ogre
  5230 | D:5      | Killed an ogre
  5230 | D:5      | Reached skill level 1 in Maces & Flails
  5231 | D:5      | Noticed a centaur
  5238 | D:5      | Killed a centaur
  5238 | D:5      | Reached skill level 6 in Earth Magic
  5270 | D:5      | Acquired Vehumet's first power
  5270 | D:5      | Offered knowledge of Magic Dart by Vehumet.
  5285 | D:5      | Noticed a phantom
  5303 | D:5      | Noticed a sky beast
  5991 | D:3      | Noticed Britaniac's ghost (average NaTm)
  6458 | D:4      | Reached XP level 8. HP: 38/45 MP: 20/20
  6519 | D:5      | Noticed a centaur
  6527 | D:5      | Killed a centaur
  6612 | D:5      | Noticed a phantom
  6618 | D:5      | Learned a level 5 spell: Lee's Rapid Deconstruction
  6628 | D:5      | Killed a phantom
  6638 | D:5      | Killed a sky beast
  6644 | D:5      | Gained mutation: You are weak. (Str -2) [mutagenic meat]
  6750 | D:5      | Noticed a water moccasin
  6761 | D:5      | Killed a water moccasin
  6770 | D:5      | Noticed a sky beast
  6793 | D:5      | Killed a sky beast
  6793 | D:5      | Reached skill level 7 in Earth Magic
  7113 | D:5      | Found a snail-covered altar of Cheibriados.
  7323 | D:6      | Found Daxt's Jewellery Shoppe.
  7445 | D:6      | Offered knowledge of Throw Flame by Vehumet.
  7445 | D:6      | Reached XP level 9. HP: 45/52 MP: 23/23
  7509 | D:7      | Learned a level 2 spell: Throw Flame
  7678 | D:8      | Reached skill level 1 in Fire Magic
  8105 | D:7      | Reached skill level 5 in Conjurations
  8235 | D:8      | Identified the Incunabulum of the Penguin
  8420 | D:8      | Got a transparent ivory amulet
  8421 | D:8      | Identified the amulet "Brysmon" {Regen+ Str-3 Int+6 Slay+2} (You found it on level 8 of the Dungeon)
  9069 | D:9      | Offered knowledge of Dazzling Spray by Vehumet.
  9170 | D:9      | Found a staircase to the Orcish Mines.
  9244 | D:9      | Acquired Vehumet's second power
  9357 | D:9      | Reached skill level 8 in Earth Magic
  9375 | D:9      | Reached skill level 5 in Fighting
  9434 | D:10     | Entered Level 10 of the Dungeon
  9480 | D:9      | Reached XP level 10. HP: 59/59 MP: 25/25
  9531 | D:9      | Noticed a komodo dragon
  9541 | D:9      | Killed a komodo dragon
  9607 | D:9      | Found a staircase to the Lair.
  9817 | Lair:1   | Entered Level 1 of the Lair of Beasts
  9926 | Lair:1   | Reached skill level 5 in Fire Magic
  9997 | Lair:1   | Noticed a six-headed hydra
 10022 | Lair:1   | Killed a six-headed hydra
 10022 | Lair:1   | Reached skill level 5 in Maces & Flails
 10694 | Lair:1   | Learned a level 3 spell: Conjure Flame
 11394 | Lair:2   | Reached skill level 9 in Earth Magic
 11567 | Lair:2   | Noticed Gastronok
 11567 | Lair:2   | Noticed a black mamba
 11580 | Lair:2   | Killed a black mamba
 11580 | Lair:2   | Offered knowledge of Force Lance by Vehumet.
 11685 | Lair:2   | Reached XP level 11. HP: 49/66 MP: 27/27
 11714 | Lair:2   | Killed Gastronok
 12409 | Lair:3   | Acquired Vehumet's third power
 12509 | Lair:3   | Offered knowledge of Fulminant Prism by Vehumet.
 12635 | Lair:3   | Noticed an ice statue
 12795 | Lair:3   | HP: 2/67 [sheep[a torpor snail] (4)]
 12796 | Lair:3   | Mangled by a sheep

Action                   |  1- 3 |  4- 6 |  7- 9 | 10-12 || total
-------------------------+-------+-------+-------+-------++-------
Melee: Dagger            |    44 |    27 |       |       ||    71
       Unarmed           |     3 |       |       |       ||     3
       Club              |       |    88 |       |       ||    88
       Flail             |       |    22 |   310 |   111 ||   443
       Short sword       |       |       |    19 |       ||    19
 Cast: Sandblast         |    66 |    61 |       |     9 ||   136
       Stone Arrow       |       |    25 |   119 |   132 ||   276
       Lee's Rapid Decon |       |       |       |     8 ||     8
       Throw Flame       |       |       |       |     2 ||     2
  Use: Scroll            |       |     8 |    17 |     2 ||    27
       Potion            |       |     6 |     2 |     5 ||    13
 Stab: Sleeping          |     1 |     1 |     1 |       ||     3
  Eat: Chunk             |     3 |    10 |     8 |     4 ||    25
       Beef jerky        |       |     2 |       |     1 ||     3
       Meat ration       |       |       |     1 |       ||     1
       Fruit             |       |       |     6 |     1 ||     7
       Bread ration      |       |       |     1 |     1 ||     2
